 Dungeon Crawl Stone Soup version 0.19-a0-835-gf140595 (webtiles) character file.

3212 TheGoonsmith the Destroyer (level 9, -2/45 HPs)
             Began as a Gargoyle Fire Elementalist on June 30, 2016.
             Was a Follower of Vehumet.
             Hit by a large rock thrown by a cyclops (23 damage)
             ... on level 8 of the Dungeon.
             The game lasted 00:14:23 (8880 turns).

TheGoonsmith the Destroyer (GrFE)                   Turns: 8880, Time: 00:14:24

Health: -2/45      AC: 15    Str: 11    XL:     9   Next: 97%
Magic:  14/17      EV: 12    Int: 20    God:    Vehumet [*.....]
Gold:   295        SH:  0    Dex: 10    Spells: 4 memorised, 6 levels left

rFire  . . .     SeeInvis .     A - +0 flail (protect)
rCold  . . .     Gourm    .     a - +0 robe
rNeg   + . .     Faith    .     (no shield)
rPois  ∞         Spirit   .     h - +0 helmet
rElec  +         Dismiss  .     s - +0 cloak
rCorr  .         Reflect  .     I - +0 pair of gloves (curse)
SustAt .         Harm     .     (no boots)
MR     +....                    (no amulet)
Stlth  ++........               (no ring)
                                d - ring of protection from magic

@: somewhat resistant to hostile enchantments, unstealthy
A: negative energy resistance 1, electricity resistance, unbreathing,
petrification resistance, rot immunity, AC +5
a: Renounce Religion


You were on level 8 of the Dungeon.
You worshipped Vehumet.
Vehumet was aware of your devotion.
You were not hungry.

You visited 1 branch of the dungeon, and saw 8 of its levels.

You collected 295 gold pieces.

Inventory:

Hand Weapons
 e - a +1 mace
 A - a +0 flail of protection (weapon)
 D - a +0 lajatang
Armour
 a - a +0 robe (worn)
 h - a +0 helmet (worn)
 m - a +0 cloak
 s - a +0 cloak (worn)
 I - a cursed +0 pair of gloves (worn)
Jewellery
 d - a ring of protection from magic (left hand)
 t - an uncursed ring of fire {unknown}
Wands
 k - a wand of acid (10/15)
 x - a wand of random effects (12/48)
 y - a wand of paralysis (1/24)
Scrolls
 f - 6 scrolls of identify
 g - a scroll of enchant weapon
 l - 3 scrolls of remove curse
 v - a scroll of fog
 w - 2 scrolls of teleportation
 B - a scroll of immolation {unknown}
 G - a scroll of fear {unknown}
Potions
 i - 2 potions of curing
 j - a potion of haste {unknown}
 n - a potion of brilliance {unknown}
 o - 2 potions of flight {unknown}
 p - a potion of might {unknown}
 q - 3 potions of lignification {unknown}
 r - 2 potions of berserk rage {unknown}
 z - a potion of degeneration {unknown}
Books
 b - a book of Flames

   Spells                             Type                      Level
   a - Flame Tongue                   Conjuration/Fire             1
   b - Throw Flame                    Conjuration/Fire             2
   c - Conjure Flame                  Conjuration/Fire             3
   d - Inner Flame                    Hexes/Fire                   3
   e - Sticky Flame                   Conjuration/Fire             4
   f - Fireball                       Conjuration/Fire             5
 C - a book of Alchemy

   Spells                             Type                      Level
   a - Sublimation of Blood           Necromancy                   2
   b - Ignite Poison                  Fire/Transmutation/Poison    3
   c - Petrify                        Transmutation/Earth          4
   d - Alistair's Intoxication        Transmutation/Poison         5
   e - Irradiate                      Conjuration/Transmutation    5
 F - a book of Ice

   Spells                             Type                      Level
   a - Ice Form                       Ice/Transmutation            4
   b - Metabolic Englaciation         Hexes/Ice                    5
   c - Ozocubu's Refrigeration        Ice                          6
   d - Bolt of Cold                   Conjuration/Ice              6
   e - Freezing Cloud                 Conjuration/Ice/Air          6
   f - Simulacrum                     Ice/Necromancy               6
Comestibles
 c - 9 bread rations
 u - 3 meat rations
 H - 6 beef jerkies


   Skills:
 - Level 1.5 Dodging
 - Level 2.1 Stealth
 + Level 5.9 Spellcasting
 * Level 10.4 Conjurations
 * Level 8.1 Fire Magic


You had 6 spell levels left.
You knew the following spells:

 Your Spells              Type           Power        Failure   Level  Hunger
a - Flame Tongue          Conj/Fire      #####        1%          1    None
c - Conjure Flame         Conj/Fire      #####...     1%          3    ##.....
f - Fireball              Conj/Fire      #####.....   10%         5    #####..
s - Sticky Flame          Conj/Fire      #####...     2%          4    ####...


Dungeon Overview and Level Annotations

Branches:
Dungeon (8/15)             Temple (0/1) D:7
   Lair: D:8-11

Altars:
Ashenzari
Cheibriados
Dithmenos
Gozag
Hepliaklqana
Kikubaaqudgha
Nemelex Xobeh
Okawaru
Uskayaw
Vehumet
Xom
Zin

Shops:
D:7 *


Innate Abilities, Weirdness & Mutations

You are resistant to torment.
Your stone body is resilient. (AC +5)
You are immune to poison.
You resist negative energy. (rN+)
You are resistant to electric shocks. (rElec)
You can survive without breathing.
You are immune to petrification.
You are immune to rotting.


Message History

The cyclops shouts!
Casting: Flame Tongue
Confirm with . or Enter, or press ? or * to list all spells.
Aiming: Flame Tongue
Press: ? - help, Shift-Dir - straight line, f/p - cyclops
Aim: a cyclops (moderately wounded)
The flame tongue hits the cyclops.
The cyclops is moderately wounded.
The cyclops throws a large rock.
The large rock hits you!!
Ouch! That really hurt!
Casting: Flame Tongue
Confirm with . or Enter, or press ? or * to list all spells.
Aiming: Flame Tongue
Press: ? - help, Shift-Dir - straight line, f/p - cyclops
Aim: a cyclops (moderately wounded)
The flame tongue hits the cyclops.
The cyclops is moderately wounded.
The cyclops throws a large rock.
The large rock hits you!!
Ouch! That really hurt!
You die...

#........)....... .
#.............#. .#
##.............. ..#
##..<.....C.!....#
#..####.(.............#
#....(.........%.....#..
##....#.................
###.)###........##.......
#).....#....##..@.......
..###......###........##
### ##.C....#.......## ##
#..##........#.# .#
#.#####.....#..# ## .#
##.......####... .##
#.##........# ..## ##.
##.....### ...# #.#
#.....#


You could see a cyclops.

Vanquished Creatures
  Joseph (D:7)
  2 hippogriffs
  Menkaure (D:6)
  An ice beast (D:6)
  2 sky beasts
  2 phantoms
  An ogre (D:7)
  4 giant frogs
  A scorpion (D:6)
  7 howler monkeys
  3 crimson imps
  A quasit (D:7)
  4 hounds
  Crazy Yiuf (D:3)
  2 centaur skeletons (D:8)
  2 orc priests
  5 orc wizards
  3 giant frog skeletons
  A gnoll shaman (D:8)
  Natasha (thrice) (D:3)
  4 iguanas
  7 worker ants
  A hound zombie (D:6)
  13 gnolls
  A worker ant zombie (D:8)
  8 adders
  2 shadow imps (D:7)
  2 oozes
  An adder zombie (D:5)
  An adder skeleton (D:5)
  3 worms
  7 dart slugs
  3 giant geckos
  35 orcs
  5 ball pythons
  9 giant cockroaches
  5 goblins
  14 hobgoblins
  13 jackals
  9 kobolds
  A quokka (D:4)
  7 bats
  A giant gecko skeleton (D:5)
  6 giant newts
  6 rats
211 creatures vanquished.

Vanquished Creatures (others)
  A centaur zombie (D:7)
  A plant (D:1)
2 creatures vanquished.

Grand Total: 213 creatures vanquished

Notes
Turn   | Place    | Note
--------------------------------------------------------------
     0 | D:1      | TheGoonsmith the Gargoyle Fire Elementalist began the quest for the Orb.
     0 | D:1      | Reached XP level 1. HP: 10/10 MP: 3/3
   229 | D:1      | Reached XP level 2. HP: 15/15 MP: 3/5
   301 | D:1      | Reached skill level 2 in Conjurations
   563 | D:1      | Reached XP level 3. HP: 19/19 MP: 0/6
  1214 | D:1      | Reached skill level 3 in Conjurations
  1534 | D:2      | Reached XP level 4. HP: 24/24 MP: 1/7
  1725 | D:2      | Found a snail-covered altar of Cheibriados.
  2266 | D:2      | Reached skill level 4 in Conjurations
  2359 | D:2      | Found a hazy altar of Hepliaklqana.
  2362 | D:2      | Found a shimmering altar of Xom.
  2362 | D:2      | Noticed an earth elemental
  2363 | D:2      | Noticed an earth elemental
  2363 | D:2      | Noticed a spectral ugly thing
  2425 | D:3      | Reached XP level 5. HP: 28/28 MP: 6/8
  2430 | D:3      | Found an iron altar of Okawaru.
  3031 | D:3      | Noticed Natasha
  3038 | D:3      | Killed Natasha
  3139 | D:3      | Learned a level 4 spell: Sticky Flame
  3143 | D:3      | Learned a level 3 spell: Conjure Flame
  3149 | D:3      | Reached XP level 6. HP: 32/32 MP: 8/10
  3267 | D:3      | Found a runed door.
  3678 | D:3      | Noticed Natasha
  3684 | D:3      | Killed Natasha
  3684 | D:3      | Reached skill level 5 in Conjurations
  3843 | D:3      | Noticed Crazy Yiuf
  3848 | D:3      | Killed Crazy Yiuf
  3911 | D:3      | Noticed Natasha
  3915 | D:3      | Killed Natasha
  4087 | D:4      | Reached XP level 7. HP: 35/36 MP: 0/12
  4313 | D:5      | Entered Level 5 of the Dungeon
  4385 | D:5      | Reached skill level 6 in Conjurations
  4602 | D:5      | Found a shattered altar of Ashenzari.
  4606 | D:5      | Saw a vision of the Shoals and the Snake Pit.
  4606 | D:5      | Noticed a black mamba
  4606 | D:5      | Noticed an anaconda
  4606 | D:5      | Noticed a naga mage
  4606 | D:5      | Noticed a black mamba
  4606 | D:5      | Noticed a naga mage
  4606 | D:5      | Noticed a naga mage
  4606 | D:5      | Noticed a naga ritualist
  4606 | D:5      | Noticed a naga
  4606 | D:5      | Noticed a black mamba
  4606 | D:5      | Noticed a naga sharpshooter
  4606 | D:5      | Noticed a salamander
  4606 | D:5      | Noticed a merfolk
  4606 | D:5      | Noticed a merfolk
  4606 | D:5      | Noticed a sea snake
  4606 | D:5      | Noticed a merfolk
  4607 | D:5      | Noticed a naga sharpshooter
  4608 | D:5      | Noticed a naga ritualist
  4806 | D:5      | Reached skill level 5 in Fire Magic
  5107 | D:6      | Reached skill level 7 in Conjurations
  5178 | D:6      | Reached XP level 8. HP: 41/41 MP: 9/14
  5467 | D:6      | Found a shadowy altar of Dithmenos.
  5527 | D:6      | Found a radiant altar of Vehumet.
  5528 | D:6      | Found an opulent altar of Gozag.
  5535 | D:6      | Became a worshipper of Vehumet
  5822 | D:4      | Reached skill level 8 in Conjurations
  6175 | D:6      | Noticed Menkaure
  6185 | D:6      | Killed Menkaure
  6247 | D:6      | Learned a level 5 spell: Fireball
  6257 | D:6      | Reached skill level 5 in Spellcasting
  6524 | D:6      | Found a sparkling altar of Nemelex Xobeh.
  6574 | D:6      | Reached XP level 9. HP: 45/45 MP: 10/16
  6745 | D:6      | Reached skill level 9 in Conjurations
  6894 | D:7      | Reached * piety under Vehumet
  6894 | D:7      | Offered knowledge of Sting by Vehumet.
  7453 | D:7      | Found Jirph's General Store.
  7560 | D:7      | Found an ancient bone altar of Kikubaaqudgha.
  7579 | D:7      | Found a staircase to the Ecumenical Temple.
  7583 | D:7      | Noticed Joseph
  7590 | D:7      | Killed Joseph
  8012 | D:8      | Found a hide-covered altar of Uskayaw.
  8161 | D:8      | Reached skill level 10 in Conjurations
  8356 | D:8      | Noticed a cyclops
  8740 | D:8      | Found a glowing silver altar of Zin.
  8880 | D:8      | Hit by a large rock thrown by a cyclops

Vault maps used:
D:1:      dpeg_arrival_boxorama, serial_forest, infiniplex_forest_clump_C,
          infiniplex_forest_clump_curved, infiniplex_forest_corner_1,
          infiniplex_forest_zigzag_1, infiniplex_forest_clump_medium,
          infiniplex_forest_clump_long, infiniplex_forest_clump_cross,
          infiniplex_forest_straight_2
D:2:      regret_index_temple_of_mockery, nicolae_overflow_crystal_walls
D:3:      okawaru_altar_gauntlet_db, uniq_crazy_yiuf_cottage, uniq_natasha
D:4:      first_bread
D:5:      grunt_ashenzari_visionary
D:6:      lemuel_round_altar, nemelex_altar_shiori,
          gammafunk_temple_overflow_pools, uniq_menkaure
D:7:      kennysheep_mini_moat, serial_shops, shop_fountains, grunt_ogre_cave,
          uniq_joseph
D:8:      overflow_temple_1_default, zin_scriptorium

Skill      XL: |  1  2  3  4  5  6  7  8  9 |
---------------+----------------------------+-----
Conjurations   | 2 3 4 5 7 8 10 | 10.4
Fire Magic     | 4 5 6 8 |  8.1
Spellcasting   | 3 4 5 |  5.9
Dodging        | |  1.5
Stealth        | |  2.1

Action                   |  1- 3 |  4- 6 |  7- 9 || total
-------------------------+-------+-------+-------++-------
Melee: Unarmed           |     5 |       |       ||     5
       Mace              |     4 |    50 |    24 ||    78
       Lajatang          |       |       |    24 ||    24
       Flail             |       |       |     7 ||     7
 Cast: Flame Tongue      |    66 |   163 |   305 ||   534
       Sticky Flame      |       |       |    13 ||    13
       Conjure Flame     |       |       |     1 ||     1
  Use: Scroll            |       |     6 |     2 ||     8
 Stab: Distracted        |       |       |     1 ||     1
  Eat: Chunk             |     3 |     9 |    14 ||    26
       Royal jelly       |       |       |     1 ||     1
Armor: Robe              |    10 |    53 |   114 ||   177
Dodge: Dodged            |    20 |    79 |   131 ||   230
